 Dungeon Crawl Stone Soup version 0.19-a0-981-gaae9137 (webtiles) character file.

681 mistymad the Poker (level 7, -7/84 HPs)
             Began as a Merfolk Gladiator on July 15, 2016.
             Was an Initiate of Fedhas.
             Mangled by Pikel
             ... wielding a +2 whip of electrocution
              (10 damage)
             ... on level 5 of the Dungeon.
             The game lasted 00:08:43 (5001 turns).

mistymad the Poker (Merfolk Gladiator)              Turns: 5001, Time: 00:08:46

Health: -7/84      AC: 23    Str: 14 (16) XL:     7   Next: 61%
Magic:  7/7        EV:  2    Int:  5 (8)  God:    Fedhas [......]
Gold:   196        SH:  0    Dex: 12 (15) Spells: 0 memorised, 6 levels left

rFire  + . .     SeeInvis .     a - +0 trident
rCold  . . .     Gourm    .     (armour currently unavailable)
rNeg   + + +     Faith    .     (no shield)
rPois  +         Spirit   .     (helmet currently unavailable)
rElec  .         Dismiss  .     (cloak currently unavailable)
rCorr  .         Reflect  .     (gloves currently unavailable)
SustAt .         Harm     .     (boots currently unavailable)
MR     +....     NoTele   +     (no amulet)
Stlth  ..........               r - ring of Peingij {rF+ Stlth-}
                                b - ring of protection from magic

@: tree-form, very slightly contaminated, hasted, very quick, somewhat resistant
to hostile enchantments, extremely unstealthy
A: (change form in water), (swift swim)
a: Renounce Religion


You were on level 5 of the Dungeon.
You worshipped Fedhas.
Fedhas was noncommittal.
You were not hungry.
You were a tree.
You visited 1 branch of the dungeon, and saw 5 of its levels.

You collected 196 gold pieces.

Inventory:

Hand Weapons
 a - a +0 trident (weapon)
Missiles
 d - 3 throwing nets (quivered)
Armour
 c - a +0 helmet (melded)
 u - a +2 scale mail of cold resistance (melded)
Jewellery
 b - a ring of protection from magic (left branch)
 n - an uncursed ring of resist corrosion
 r - the ring of Peingij (right branch) {rF+ Stlth-}
   (You found it on level 4 of the Dungeon)

   [ring of loudness]

   It protects you from fire.
   It makes you less stealthy.
Scrolls
 e - 6 scrolls of remove curse {unknown}
 h - a scroll of teleportation {unknown}
 i - a scroll of random uselessness {unknown}
 k - 2 scrolls of identify {unknown}
 p - a scroll of magic mapping {unknown}
 w - a scroll of blinking {unknown}
Potions
 m - a potion of lignification
 t - a potion of flight {unknown}
Comestibles
 f - 3 bread rations
 o - 13 fruits
 q - a slice of pizza
 s - 2 beef jerkies


   Skills:
 + Level 5.5 Fighting
 + Level 7.9 Polearms
 - Level 2.0 Throwing
 + Level 7.2 Dodging


You had 6 spell levels left.
You didn't know any spells.

Dungeon Overview and Level Annotations

Branches:
Dungeon (5/15)
 Temple: D:4-7

Altars:
Elyvilon
Fedhas
Nemelex Xobeh
Okawaru
Uskayaw
Zin
The Shining One

Portals:
Ossuary: D:5

Annotations:
D:5 Pikel


Message History

Pikel hits you but does no damage.
You hit Pikel.
Pikel is lightly wounded.
Pikel hits you but does no damage.
You are electrocuted!
* * * LOW HITPOINT WARNING * * *
You take 14 damage, and have 4/84 hp.
You hit Pikel.
Pikel is moderately wounded.
You puncture Pikel!
Pikel is heavily wounded.
Pikel hits you but does no damage.
You hit Pikel.
Pikel is heavily wounded.
You completely miss Pikel.
Pikel is heavily wounded.
Pikel hits you with a whip of electrocution.
* * * LOW HITPOINT WARNING * * *
You are electrocuted!
You die...
Fedhas appreciates your contribution to the ecosystem.

####### .# #.. ..#
#.# #.# #.# #.#
#♣# #.# #.#
#K###.#########.##
#pp..pp.p...##...#
#p.##.##.###......
#..##.##.# #......
#..##.##K###.##$##
#.....###..K###.#
##.#### ##### #K#
###### ##'##


You could see Pikel and 3 slaves.

Vanquished Creatures
  A phantom (D:4)
  An ogre (D:4)
  A centaur (D:4)
  A crimson imp (D:5)
  An orc priest (D:4)
  2 hounds
  An orc wizard (D:4)
  4 worker ants (D:4)
  4 gnolls (D:3)
  4 adders
  A shadow imp (D:5)
  A worm (D:2)
  2 dart slugs
  7 giant geckos
  12 orcs
  6 bats
  7 giant cockroaches
  3 hobgoblins (D:3)
  3 jackals (D:4)
  4 quokkas
  A ball python (D:1)
  A giant gecko zombie (D:3)
  A giant newt (D:3)
  6 goblins
  6 kobolds
  11 rats
92 creatures vanquished.

Vanquished Creatures (others)
  9 toadstools (D:4)
9 creatures vanquished.

Grand Total: 101 creatures vanquished

Notes
Turn   | Place    | Note
-------+----------+-------------------------------------------
     0 | D:1      | mistymad the Merfolk Gladiator began the quest for the Orb.
     0 | D:1      | Reached XP level 1. HP: 16/16 MP: 1/1
   457 | D:1      | Reached XP level 2. HP: 23/23 MP: 2/2
  1208 | D:2      | Reached XP level 3. HP: 25/28 MP: 3/3
  1218 | D:2      | Reached skill level 5 in Polearms
  1482 | D:2      | Found a white marble altar of Elyvilon.
  1990 | D:3      | Reached XP level 4. HP: 35/35 MP: 4/4
  2014 | D:3      | Reached skill level 5 in Dodging
  2305 | D:3      | Reached XP level 5. HP: 10/41 MP: 5/5
  2443 | D:3      | Found an iron altar of Okawaru.
  3363 | D:4      | Reached XP level 6. HP: 39/48 MP: 6/6
  3779 | D:4      | Found a hide-covered altar of Uskayaw.
  3780 | D:4      | Found a glowing golden altar of the Shining One.
  3916 | D:4      | Reached XP level 7. HP: 38/55 MP: 7/7
  4027 | D:4      | Reached skill level 5 in Fighting
  4230 | D:4      | Got a transparent turquoise ring
  4242 | D:4      | Identified the ring of Peingij {rF+ Stlth-} (You found it on level 4 of the Dungeon)
  4265 | D:4      | Found a blossoming altar of Fedhas.
  4309 | D:4      | Became a worshipper of Fedhas Madash
  4659 | D:4      | Found a sparkling altar of Nemelex Xobeh.
  4660 | D:4      | Found a glowing silver altar of Zin.
  4772 | D:5      | Entered Level 5 of the Dungeon
  4854 | D:5      | Found a sand-covered staircase.
  4900 | D:5      | Noticed Pikel
  4997 | D:5      | HP: 4/84 [Pikel/whip of electrocution (14)]
  5001 | D:5      | Mangled by Pikel

Vault maps used:
D:1:      co_arrival_random_square_maze
D:2:      elyvilon_altar_5
D:3:      okawaru_altar_gauntlet_db, serial_bayou, serial_bayou_ford_a,
          serial_bayou_shore_b, serial_bayou_lagoon_a, serial_bayou_shore_b
D:4:      fedhas_altar_fruit_tree, gammafunk_temple_overflow_statue,
          gammafunk_temple_overflow_pools, hangedman_abyss_or_decor_passed
D:5:      vehumet_crystals, lemuel_coloured_pillars_altar,
          nicolae_ossuary_entry_false_entrances, first_bread,
          nicolae_gozag_zags_fifth_avenue, uniq_pikel, uniq_prince_ribbit1,
          uniq_eustachio, uniq_grinder

Skill      XL: |  1  2  3  4  5  6  7 |
---------------+----------------------+-----
Polearms       | 5 6 7 |  7.9
Fighting       | 3 4 5 |  5.5
Dodging        | 5 6 7 |  7.2
Throwing       | |  2.0

Action                   |  1- 3 |  4- 6 |  7- 9 || total
-------------------------+-------+-------+-------++-------
Melee: Trident           |   140 |   153 |   147 ||   440
       Tailslap          |       |     1 |       ||     1
  Use: Potion            |     2 |       |     5 ||     7
 Stab: Sleeping          |     3 |       |       ||     3
  Eat: Chunk             |     3 |     7 |     3 ||    13
Armor: Leather armour    |    37 |    18 |       ||    55
       Scale mail        |       |     1 |    27 ||    28
       Skin              |       |       |     8 ||     8
Dodge: Dodged            |    77 |    98 |    53 ||   228
